 Dungeon Crawl Stone Soup version 0.30.0-19-g36f170ea60 (webtiles) character file.

Game seed: 911688192218779103

49 Peloso the Trooper (level 3, 0/33 HPs)
             Began as a Minotaur Fighter on May 26, 2023.
             Slain by a hobgoblin (4 damage)
             ... on level 1 of the Dungeon.
             The game lasted 00:01:38 (943 turns).

Peloso the Trooper (Minotaur Fighter)                Turns: 943, Time: 00:01:39

Health: 0/33       AC:  9    Str: 20    XL:     3   Next: 51%
Magic:  2/2        EV:  7    Int:  5    God:
Gold:   76         SH:  4    Dex: 11    Spells: 2/2 levels left

rFire   . . .        a - +0 long sword
rCold   . . .        c - +0 buckler
rNeg    . . .        m - +0 chain mail
rPois   .            (helmet restricted)
rElec   .            (no cloak)
rCorr   .            (no gloves)
SInv    .            (no boots)
Will    .....        (no amulet) Stlth
                     (no ring)
HPRegen 0.25/turn    (no ring)
MPRegen 0.08/turn

%: no passive effects
@: no status effects
A: horns 2, retaliatory headbutt
a: no special abilities


You were on level 1 of the Dungeon.
You visited 1 branch of the dungeon, and saw 2 of its levels.

You collected 76 gold pieces.

Inventory:

Hand Weapons
 a - a +0 long sword (weapon)
Missiles
 n - 2 throwing nets (quivered)
Armour
 b - a +0 scale mail
 c - a +0 buckler (worn)
 m - a +0 chain mail (worn)
Jewellery
 h - a ring of magical power
Scrolls
 g - a scroll of butterflies {unknown}
 i - a scroll of poison {unknown}
 k - a scroll of teleportation {unknown}
 l - a scroll of enchant weapon {unknown}
Potions
 d - 2 potions of might


   Skills:
 + Level 4.2 Fighting
 + Level 3.0 Long Blades
 + Level 4.1 Armour
 + Level 0.2 Dodging
 + Level 4.2 Shields


You had 2 spell levels left.
You didn't know any spells.
Your spell library was empty.

Dungeon Overview and Level Annotations

Branches:
Dungeon (2/15)

Altars:

Annotations:
D:2 Jessica


Innate Abilities, Weirdness & Mutations

You have a pair of horns on your head.
You reflexively headbutt those who attack you in melee.


Message History

The giant cockroach bites you but does no damage.
The ball python attacks as you move away!
The ball python barely misses you.
There is a stone staircase leading up here.
The ball python closely misses you. The ball python barely misses you.
The giant cockroach barely misses you. You furiously retaliate!
You headbutt the giant cockroach!
You kill the giant cockroach!
The hobgoblin hits you but does no damage.
Your Long Blades skill increases to level 3!
You climb upwards.
There is a stone staircase leading down here.
You barely miss the hobgoblin.
The hobgoblin is heavily wounded.
The ball python barely misses you. x2
The hobgoblin hits you but does no damage.
The ball python bites you but does no damage.
The ball python grabs you. The ball python constricts you.
Unknown command.
You barely miss the hobgoblin. Your headbutt misses the hobgoblin.
The hobgoblin is heavily wounded.
The hobgoblin hits you.
* * * LOW HITPOINT WARNING * * *
The ball python bites you but does no damage.
The ball python constricts you.
You hit the hobgoblin.
The hobgoblin is severely wounded.
The ball python barely misses you. You furiously retaliate!
You headbutt the ball python.
You kill the ball python!
The hobgoblin hits you.
* * * LOW HITPOINT WARNING * * *
The hobgoblin hits you but does no damage.
You hit the hobgoblin.
The hobgoblin is almost dead.
The hobgoblin barely misses you.
You closely miss the hobgoblin.
The hobgoblin is almost dead.
The hobgoblin hits you.
You die...

.........# ########.# ## ######
#.## #. .....###..###### #.
####.#.........# ###.
####.#.##.####.######## #####.#.
............##........# #.....#.
####.###..#.##..g.....####.###.#.
..........^.....@.....##.......##
.....#.#...##.........##.#.##..#.
#..............#'##'####....#..#.
#.####.#....#.##.##.# #.#......#.
#.#....#....#.##.##.# #........#.
..#.##......#.##.##.###.#.....##.
..#.........#.##......#.#).#####.
..#.#.#.#.#.#.#####.#.#....# #.
..#...).....#.###...#.##..######.


You could see a hobgoblin.

Vanquished Creatures
  An adder (D:2)
  A worm (D:2)
  A dart slug (D:2)
  8 ball pythons
  2 endoplasms
  4 giant cockroaches
  2 hobgoblins (D:1)
  3 quokkas
  2 bats (D:1)
  4 frilled lizards (D:1)
  A goblin (D:1)
  3 kobolds
  4 rats (D:1)
36 creatures vanquished.

Notes
Turn   | Place    | Note
-------+----------+-------------------------------------------
     0 | D:1      | Peloso the Minotaur Fighter began the quest for the Orb.
     0 | D:1      | Reached XP level 1. HP: 19/19 MP: 0/0
   149 | D:1      | Reached XP level 2. HP: 26/27 MP: 1/1
   872 | D:2      | Reached XP level 3. HP: 26/33 MP: 2/2
   924 | D:2      | Noticed Jessica
   943 | D:1      | Slain by a hobgoblin

Illustrated notes

Levels and vault maps discovered:
D:1:      dpeg_arrival_long_road, layout_basic
D:2:      layout_rooms, minmay_statues_item, minmay_rat_gold_closets,
          uniq_sigmund, uniq_jessica

Skill      XL: |  1  2  3 |
---------------+----------+-----
Fighting       | 4 |  4.2
Armour         | 4 |  4.1
Shields        | 4 |  4.2
Long Blades    | 3 |  3.0
Dodging        | |  0.2

Action                     || total
---------------------------++-------
  Melee: Long sword        ||    86
         Headbutt          ||    10
    Use: Potion            ||     3
   Stab: Invisible         ||     1
 Armour: Scale mail        ||    25
         Chain mail        ||    28
  Dodge: Dodged            ||    55
  Block: Buckler           ||    29
